 Dungeon Crawl Stone Soup version 0.26-a0-646-g5d7718319a (webtiles) character file.

Game seed: 17667152530981358092

42 Colgate the Ruffian (level 3, 31/31 HPs)
             Began as a Naga Transmuter on Sept 24, 2020.
             Was a Follower of Elyvilon.
             Quit the game on level 2 of the Dungeon.
             The game lasted 00:11:07 (1318 turns).

Colgate the Ruffian (Naga Transmuter)               Turns: 1318, Time: 00:11:07

Health: 31/31      AC:  2    Str: 12    XL:     3   Next: 54%
Magic:  5/6        EV: 10    Int: 14    God:    Elyvilon [*.....]
Gold:   41         SH:  0    Dex: 11    Spells: 3/6 levels left

rFire    . . .     SeeInvis +     - Unarmed
rCold    . . .     Faith    .   (no shield)
rNeg     . . .     Spirit   .   a - +0 robe
rPois    +         Reflect  .   (helmet currently unavailable)
rElec    .         Harm     .   (no cloak)
rCorr    .         Rampage  .   (no gloves)
MR       .....                  (no barding)
Stlth    ++........             b - amulet of regeneration
HPRegen  0.50/turn              (no ring)
MPRegen  0.10/turn              (no ring)

@: short of breath, appendages, very slow
A: large, horns 2, see invisible, deformed body, poison resistance, slowness 2,
spit poison 1, AC +1
a: Spit Poison, End Transformation, Lesser Healing, Divine Protection, Renounce
Religion


You were on level 2 of the Dungeon.
You worshipped Elyvilon.
Elyvilon was aware of your devotion.
You had grown temporary horns.
You visited 1 branch of the dungeon, and saw 2 of its levels.

You collected 41 gold pieces.

Inventory:

Missiles
 c - 46 stones
 i - 25 sling bullets
 q - 13 poisoned darts (quivered)
 s - 25 bolts
Armour
 a - a +0 robe (worn)
 d - a +0 ring mail
 k - a +0 tower shield
Jewellery
 b - an amulet of regeneration (around neck)
Scrolls
 e - a scroll of enchant armour {unknown}
 g - a scroll of remove curse {unknown}
 h - a scroll of blinking {unknown}
 l - a scroll of random uselessness {unknown}
 m - 2 scrolls of identify {unknown}
 o - a scroll of teleportation {unknown}
Potions
 f - a potion of flight {unknown}
 j - 3 potions of might {unknown}
 n - a potion of resistance {unknown}
 p - a potion of magic {unknown}
 r - a potion of heal wounds {unknown}


   Skills:
 - Level 1.0 Fighting
 - Level 1.5 Dodging
 - Level 2.0 Stealth
 + Level 4.2 Unarmed Combat
 - Level 2.0 Spellcasting
 - Level 2.0 Transmutations


You had 3 spell levels left.
You knew the following spells:

 Your Spells              Type           Power        Failure   Level
a - Beastly Appendage     Tmut           #.....       11%         1
b - Wereblood             Tmut           #.......     16%         2

Your spell library contained the following spells:

 Spells                   Type           Power        Failure   Level
 Spider Form              Tmut/Pois      #.........   43%         3
 Ice Form                 Ice/Tmut       #.......     83%         4
 Blade Hands              Tmut           #.........   96%         5


Dungeon Overview and Level Annotations

Branches:
Dungeon (2/15)

Altars:
Elyvilon


Innate Abilities, Weirdness & Mutations

You cannot wear boots.
Your serpentine skin is tough. (AC +1)
You have supernaturally acute eyesight. (SInv)
Armour fits poorly on your strangely shaped body.
Your system is resistant to poisons. (rPois)
You cover ground very slowly.
You can spit poison.
You have a pair of horns on your head.


Message History

You closely miss the bat.
The bat is moderately wounded.
The bat hits you but does no damage.
Throwing (i - inventory. (/) - cycle)
q - 15 poisoned darts (quivered)
Press: ? - help, Shift-Dir - straight line, f/p - bat
Aim: a bat (moderately wounded)
You throw a poisoned dart.
The poisoned dart barely misses the bat.
You have got your breath back.
The bat closely misses you.
Press: ? - help, Shift-Dir - straight line, f/p - bat
Aim: a bat (moderately wounded)
The splash of poison misses the bat.
The bat closely misses you.
Throwing (i - inventory. (/) - cycle)
q - 14 poisoned darts (quivered)
Press: ? - help, Shift-Dir - straight line, f/p - bat
Aim: a bat (moderately wounded)
You throw a poisoned dart.
The poisoned dart barely misses the bat.
The bat hits you but does no damage.
Are you sure you want to abandon this character and quit the game? (Confirm with "yes".)

##..≈≈≈≈≈≈≈≈≈.≈#.##
#≈≈≈≈≈≈≈≈≈≈≈≈≈<.#
#≈≈.≈≈≈..≈.....##
#..≈....≈......# #
#(##.#########'##
#.###.##.# ##...##
#<...(.b.# ##.....##
#.......##
##.......##
#.#@..####.........#
##.....>..+..)......+
#......####.........#
##..#.## ##.......##
##.#.# ##.....##
#.###.#.# ##...##
#.......# ##†##
#####.### #.# #.# #.#


You could see a bat.

Vanquished Creatures
  An adder (D:2)
  2 bats (D:1)
  2 giant cockroaches
  6 goblins
  7 hobgoblins
  A quokka (D:2)
  2 frilled lizards (D:2)
  4 kobolds
  4 rats
29 creatures vanquished.

Notes
Turn   | Place    | Note
-------+----------+-------------------------------------------
     0 | D:1      | Colgate the Naga Transmuter began the quest for the Orb.
     0 | D:1      | Reached XP level 1. HP: 18/18 MP: 3/3
   206 | D:1      | Reached XP level 2. HP: 22/25 MP: 3/5
   216 | D:1      | Learned a level 2 spell: Wereblood
   870 | D:2      | Reached skill level 4 in Unarmed Combat
   961 | D:2      | Reached XP level 3. HP: 17/31 MP: 6/6
  1133 | D:2      | Found a faded altar of an unknown god.
  1156 | D:2      | Became a worshipper of Elyvilon the Healer
  1156 | D:2      | Reached * piety under Elyvilon
  1318 | D:2      | Quit the game

Illustrated notes

Levels and vault maps discovered:
D:1:      dpeg_arrival_pits, layout_loops_ring
D:2:      layout_loops_corners, chequers_ecumenical_altar_island,
          grunt_decor_cap, minmay_tetromino_s4

Skill      XL: |  1  2 |
---------------+-------+-----
Unarmed Combat | 4 |  4.2
Stealth        | 2 |  2.0
Fighting       | |  1.0
Dodging        | |  1.5
Spellcasting   | |  2.0
Transmutations | |  2.0

Action                   || total
-------------------------++-------
Melee: Unarmed           ||    47
       Headbutt          ||     5
Throw: Stone             ||    18
       Dart              ||     3
 Cast: Beastly Appendage ||    34
       Wereblood         ||     1
 Abil: Spit Poison       ||    29
 Stab: Sleeping          ||     1
Armor: Robe              ||    12
Dodge: Dodged            ||    26

Table legend: (Time is in decaauts)
 A = Elapsed time spent in this place.
 B = Non-inter-level travel time spent in this place.
 C = Inter-level travel time spent in this place.
 D = Time resting spent in this place.
 E = Time spent auto-exploring this place.
 F = Levels seen in this place.
 G = Mean time per level.
                   A        B        C        D        E       F      G
               +--------+--------+--------+--------+--------+-----+--------+
         Total |   1634 |   1605 |     29 |      0 |   1263 |   2 |  817.0 |
       Dungeon |   1634 |   1605 |     29 |      0 |   1263 |   2 |  817.0 |
               +--------+--------+--------+--------+--------+-----+--------+

Top non-repeatable levels by time:
     D:1: 1025 daAuts
     D:2: 609 daAuts
